 Dungeon Crawl Stone Soup version 0.14.0-26-g1682e81 (webtiles) character file.

204 Mathinus the Sneak (level 4, -6/23 HPs)
             Began as a Vine Stalker Assassin on Apr 26, 2014.
             Mangled by an iguana (10 damage)
             ... on Level 3 of the Dungeon.
             The game lasted 00:16:33 (1824 turns).

Mathinus the Sneak (Vine Stalker Assassin)          Turns: 1824, Time: 00:16:33

HP  -6/23        AC  4     Str 12 (14) XL: 4   Next: 78%
MP   0/5         EV 12     Int 11      God:
Gold 102         SH  0     Dex 16      Spells:  0 memorised,  3 levels left

rFire  . . .     SeeInvis .     a - +2 dagger
rCold  . . .     Clarity  .     h - +1 robe
rNeg   . . .     Conserve .     (no shield)
rPois  +         rCorr    .     (no helmet)
rElec  .         rRot     +     d - +0 cloak
SustAb . .       Spirit   +     (no gloves)
rMut   .         Warding  .     (no boots)
Saprov . . .     Stasis   .     (no amulet)
MR     .....                    p - ring of poison resistance
                                j - ring of sustenance

@: not resistant to hostile enchantments, quite stealthy
A: fangs 2, breathe flames 1, regeneration 1, magic shield, antimagic bite, no
device heal
a: Breathe Fire


You were on level 3 of the Dungeon.
You were hungry.

You visited 1 branch of the dungeon, and saw 3 of its levels.

You collected 102 gold pieces.

Inventory:

Hand weapons
 a - a +2,+2 dagger (weapon)
 b - a +0 blowgun
Missiles
 e - 25 poisoned needles
 f - 2 curare-tipped needles
Armour
 d - a +0 cloak (worn)
 h - a +1 robe (worn)
 s - a +0 leather armour
Magical devices
 m - a wand of draining (5) {unknown}
 n - a wand of fireball (1)
Comestibles
 g - 6 bread rations
 i - a lychee
 k - an apple
 q - 2 chokos
Jewellery
 c - an uncursed amulet of faith {unknown}
 j - a ring of sustenance (left hand)
 l - an uncursed ring of see invisible
 p - a ring of poison resistance (right hand)
Potions
 o - a potion of resistance {unknown}
 v - a potion of brilliance


   Skills:
 + Level 2.0 Fighting
 + Level 2.1 Short Blades
 + Level 2.1 Throwing
 + Level 0.1 Armour
 + Level 2.0 Dodging
 + Level 6.1 Stealth


You had 3 spell levels left.
You didn't know any spells.

Dungeon Overview and Level Annotations

Branches:
Dungeon (3/15)

Altars:
Ashenzari
Zin


Innate Abilities, Weirdness & Mutations

You are immune to rotting.
You have extremely sharp teeth.
Your natural rate of healing is unusually fast.
When hurt, damage is shared between your health and your magic reserves.
Your bite disrupts and absorbs the magic of your enemies.
Potions and wands cannot restore your HP.
You can breathe flames.


Message History

You feel invigorated.
The iguana is heavily wounded.
The iguana closely misses you.
That item cannot be evoked!
Evoke which item? (* to show all) (? for menu, Esc to quit)
Zapping:
n - a brass wand
Press: ? - help, Shift-Dir - straight line, f - iguana
Aim: an iguana (heavily wounded)
The fireball explodes!
The fireball engulfs the iguana.
The iguana is almost dead.
The fireball engulfs you!
Your scroll of remove curse catches fire!
Your scroll of identify catches fire!
* * * LOW HITPOINT WARNING * * *
n - a wand of fireball {zapped: 1} The iguana closely misses you.
Found a glowing silver altar of Zin.
A giant newt comes into view.
The iguana bites you!
You die...

..###. ......... # #.....
......... #.#.##.#
.........
####.#.##.######........
..............%.........
......#.##.#####..####...
#._...# #.........
##l#l.# #..##.....
#..@..# #..# .##$#
.............# #..##.#
######.##...# #..##.#
#.##...# #..##.# #.##...#
#..##.## #.##...#
#......# .# #.# .
.###......# #### #.# .
#.......# ..... .
#..#....#


You could see an iguana and a giant newt.

Vanquished Creatures
  Ijyb (D:2)
  2 adders (D:2)
  A worm (D:3)
  3 giant geckos
  4 orcs (D:3)
  4 bats
  3 giant cockroaches
  4 hobgoblins
  5 kobolds
  A quokka (D:2)
  4 giant newts
  7 goblins
  8 jackals
  5 rats
52 creatures vanquished.

Notes
Turn   | Place    | Note
--------------------------------------------------------------
     0 | D:1      | Mathinus, the Vine Stalker Assassin, began the quest for the Orb.
     0 | D:1      | Reached XP level 1. HP: 11/11 MP: 1/1
   176 | D:1      | Reached skill level 5 in Stealth
   332 | D:1      | Reached XP level 2. HP: 9/15 MP: 3/3
   393 | D:1      | Gained mutation: You can breathe flames. [potion of beneficial mutation]
   755 | D:2      | Reached XP level 3. HP: 18/18 MP: 4/4
   977 | D:2      | Found a shattered altar of Ashenzari.
   993 | D:2      | Reached skill level 1 in Dodging
  1001 | D:2      | Reached skill level 6 in Stealth
  1076 | D:2      | Noticed Ijyb
  1149 | D:2      | Killed Ijyb
  1149 | D:2      | Reached XP level 4. HP: 21/23 MP: 5/5
  1820 | D:3      | Found a glowing silver altar of Zin.
  1824 | D:3      | Mangled by an iguana

Action                   |  1- 3 |  4- 6 || total
-------------------------+-------+-------++-------
Melee: Dagger            |   140 |    78 ||   218
 Abil: Breathe Fire      |     4 |       ||     4
Evoke: Wand              |       |     1 ||     1
  Use: Scroll            |     5 |     3 ||     8
       Potion            |     4 |     2 ||     6
 Stab: Sleeping          |     3 |       ||     3
